Map: Ephemeron LE

Players

Wanderer

  • Race: Terran Terran
  • Spawn Location: 11:00

A.I. 1 (Very Easy) - Winner!

  • Race: Protoss Protoss
  • Spawn Location: 5:00

VOD

Have the link to the VOD?

Description

Time

  • Played on: Dec. 2, 2019, 4:42 a.m.
  • Length: 13:54
Show
View Real Time Build Order
Export as new Build Order

Wanderer Terran 

Build Orders: Reaper Expand 

Get SALT Encoding   

  12  0:00  SCV  
  13  0:13  SCV  
  14  0:17  Supply Depot  
  14  0:25  SCV  
  15  0:39  SCV, Barracks  
  16  0:43  Refinery  
  16  0:51  SCV  
  17  1:03  SCV  
  18  1:18  SCV  
  19  1:31  Orbital Command, Reaper  
  20  1:41  Command Center  
  20  1:51  Supply Depot  
  20  1:56  SCV  
  21  2:03  Marine  
  21  2:07  Factory  
  22  2:09  SCV  
  22  2:15  Refinery  
  23  2:21  SCV  
  24  2:24  Barracks Reactor  
  24  2:33  SCV  
  24  2:35  Bunker  
  25  2:45  SCV  
  26  2:52  Widow Mine  
  26  2:54  Starport  
  26  2:56  Orbital Command  
  28  3:02  Marine  
  28  3:03  Marine  
  28  3:04  SCV  
  31  3:13  Widow Mine  
  31  3:19  SCV  
  34  3:20  Marine x2  
  34  3:24  Supply Depot, SCV  
  37  3:31  SCV  
  37  3:32  Medivac  
  40  3:36  SCV  
  40  3:41  Barracks  
  41  3:45  SCV  
  41  3:48  SCV, Marine x2  
  44  3:54  Supply Depot  
  45  3:56  Factory Tech Lab  
  45  3:59  Refinery  
  45  4:02  SCV x2  
  47  4:10  Marine x2  
  47  4:11  Starport Reactor  
  47  4:14  SCV x2  
  47  4:15  Engineering Bay  
  51  4:19  Siege Tank  
  54  4:26  SCV x2  
  54  4:30  Supply Depot  
  54  4:31  Barracks Tech Lab  
  56  4:38  SCV x2  
  56  4:40  Marine x2  
  56  4:44  Terran Infantry Weapons Level 1  
  60  4:49  Stimpack  
  60  4:50  SCV, Marine  
  62  4:54  SCV  
  62  4:56  Siege Tank  
  66  5:01  Marine x2  
  66  5:06  Supply Depot  
  68  5:09  Supply Depot, Medivac  
  68  5:10  Medivac  
  72  5:17  Marauder  
  72  5:19  Marine x2  
  76  5:22  SCV  
  76  5:23  SCV  
  78  5:33  Supply Depot  
  78  5:35  SCV x2  
  80  5:37  Barracks  
  80  5:40  Factory Reactor, Marauder  
  82  5:47  SCV, Marine x2  
  85  5:54  SCV  
  85  5:56  Supply Depot  
  86  5:57  Medivac x2  
  86  5:59  SCV  
  86  6:04  Marine, Refinery, Marauder  
  93  6:05  Marine  
  93  6:06  SCV  
  93  6:11  Command Center, SCV  
  97  6:17  Widow Mine  
  99  6:19  Supply Depot  
  99  6:22  Marine x2  
  99  6:25  Marauder  
  103  6:27  Combat Shield, Marauder  
  105  6:33  Medivac  
  105  6:36  Barracks  
  105  6:38  SCV  
  108  6:43  Barracks  
  108  6:46  Marine x2  
  110  6:47  Marauder  
  110  6:48  Terran Infantry Armor Level 1  
  110  6:52  Concussive Shells, Marauder  
  114  6:55  Widow Mine  
  114  6:58  SCV x2  
  118  7:03  Supply Depot  
  118  7:04  Supply Depot  
  117  7:12  Marine  
  118  7:21  Supply Depot  
  118  7:22  Marine  
  125  7:23  Widow Mine, Marauder x2  
  125  7:29  Engineering Bay  
  125  7:30  Armory  
  125  7:32  SCV x2  
  125  7:35  Barracks Tech Lab  
  125  7:36  Barracks Reactor  
  127  7:41  Orbital Command  
  129  7:44  Marine x2, Marauder  
  129  7:47  Widow Mine  
  129  7:50  SCV  
  134  7:57  SCV  
  135  8:02  Marauder  
  135  8:04  Marauder  
  139  8:15  Fusion Core, SCV x2  
  139  8:16  Starport, Refinery  
  139  8:18  Refinery  
  141  8:20  SCV  
  141  8:24  Marauder, Marine x3  
  147  8:27  SCV x2, Liberator x2  
  147  8:28  Terran Infantry Weapons Level 2  
  147  8:30  Supply Depot  
  147  8:32  SCV  
  150  8:37  Supply Depot x2  
  156  8:50  SCV  
  156  8:51  SCV x2  
  159  9:00  Supply Depot  
  159  9:01  Supply Depot  
  159  9:03  Advanced Ballistics  
  159  9:06  Terran Infantry Armor Level 2  
  159  9:08  Terran Ship Weapons Level 1  
  159  9:16  Marauder  
  159  9:17  Marine, Liberator x3, Marauder x2  
  165  9:18  Marine x3  
  165  9:20  Supply Depot  
  169  9:25  Supply Depot  
  169  9:30  Supply Depot  
  169  9:32  Supply Depot  
  169  9:38  Command Center  
  178  9:41  Liberator  
  178  9:47  Barracks x2  
  178  9:48  Barracks  
  181  10:04  Factory Tech Lab, Liberator x2  
  181  10:05  Liberator  
  181  10:25  Drilling Claws  
  181  10:26  Widow Mine  
  192  10:29  Ghost Academy  
  192  10:36  Command Center  
  192  10:37  Barracks Tech Lab x2  
  192  10:38  Barracks Reactor  
  192  10:39  Command Center  
  192  11:05  Liberator x2  
  198  11:35  Terran Ship Weapons Level 2  
  198  11:41  Enhanced Shockwaves  
  198  11:52  Orbital Command x2  
  198  11:56  Command Center  
  198  12:00  Command Center  
  198  12:03  Command Center  
  198  12:04  Command Center  
  198  12:25  Orbital Command  
  198  12:33  Starport  
  198  12:35  Starport  
  198  12:45  Barracks  
  198  12:49  Barracks  
Show
View Real Time Build Order
Export as new Build Order

A.I. 1 (Very Easy) Protoss - Winner!

Build Orders:  

Get SALT Encoding   

  12  0:00  Probe  
  13  0:13  Probe  
  14  0:20  Pylon  
  14  0:37  Assimilator  
  14  0:42  Gateway  
  14  0:45  Pylon  
  14  1:15  Assimilator  
  14  1:24  Probe  
  14  1:30  Zealot  
  14  1:32  Probe, Cybernetics Core  
  18  1:40  Probe  
  19  1:50  Probe  
  20  1:57  Warp Gate  
  20  2:00  Probe  
  20  2:08  Probe  
  22  2:35  Stalker  
  24  6:52  Probe  
  24  6:57  Adept  
  24  6:58  Pylon  
  24  7:00  Probe, Robotics Facility  
  27  7:03  Nexus  
  28  7:08  Probe  
  29  7:17  Probe  
  30  7:41  Observer  
  27  7:56  Stalker  
  29  7:59  Observer  
  30  8:16  Probe  
  31  8:21  Probe  
  32  8:27  Assimilator  
  32  8:30  Probe, Assimilator  
  32  8:34  Probe  
  34  8:45  Probe  
  35  8:52  Probe  
  35  8:55  Zealot  
  38  8:59  Probe  
  39  9:06  Probe  
  40  9:11  Probe  
  41  9:20  Probe  
  42  9:24  Probe  
  43  9:31  Probe  
  44  9:42  Probe  
  45  9:48  Probe  
  46  9:56  Probe  
  46  9:59  Pylon  
  47  10:04  Probe  
  48  12:31  Warp Prism  
  48  12:40  Stalker  
  48  12:41  Gateway  
  48  12:42  Robotics Bay  
  52  12:44  Stargate  
  52  12:48  Pylon  
  52  12:55  Warp Prism  
  54  13:17  Zealot  
  50  13:27  Observer  
  50  13:30  Gateway  
  51  13:53  Stalker  
Tags
 
Add a new tag
Caveats
  • Supply blocks, unpowered buildings, or Contaminate may cause inaccurate times.
  • Supply counts are checked every 10 seconds.